 Dungeon Sprint DCSS version 0.31-a0-303-gdc8c9485ea (webtiles) character file.

Game seed: 12461727386386271113

489350 garrulousMonolith the End of an Era (level 20, 197/197 HPs)
             Began as a Formicid Fighter on July 16, 2023.
             Was the Champion of Qazlal.
             Escaped with the Orb!
             The game lasted 00:21:56 (3974 turns).

garrulousMonolith the End of an Era (FoFi)          Turns: 3974, Time: 00:21:57

Health: 197/197    AC: 50    Str: 42    XL:     20   Next: 83%
Magic:  36/37      EV: 15    Int: 17    God:    Qazlal [******]
Gold:   0          SH: 49    Dex: 13    Spells: 20/38 levels left

rFire   + + +        J - +9 lance "Wyrmbane" {slay drac, rPois rF+ rC+ AC+3}
rCold   + + .        G - +18 shield of the Gong {Loud rN+ Will+ rCorr EV-5}
rNeg    + . .        O - +12 gold dragon scales
rPois   +            (helmet unavailable)
rElec   .            Y - +2 cloak {Stlth+}
rCorr   +            t - +2 pair of gloves {Dex+3}
SInv    +            (no boots)
Will    ++++.        b - amulet of Caarafro {Reflect Fragile Regen+ Str+6 SH+5}
Stlth   x              - ring "Zaasun" {Fly Str+7 Int+4 Dex-3}
HPRegen 1.32/turn    y - ring "Wimoc" {rF++ Will+ rCorr Str+6 Int-2}
MPRegen 0.25/turn

%: repel missiles, reflection
@: flying, studying 6 skills
A: permanent stasis, dig shafts and tunnels, antennae 3, four strong arms
0: Orb of Zot
a: Dig, Renounce Religion, Upheaval, Elemental Force, Disaster Area


You escaped.
You worshipped Qazlal.
Qazlal was exalted by your worship.
You visited 1 branch

Inventory:

Hand Weapons
 A - the +4 consecrated labrys {holy, Valiant Fragile Fly SInv}
   (You found it in the Dungeon)

   Valiant:   It becomes more powerful as more dangerous foes come into view.
   SInv:      It lets you see invisible.
   Fly:       It grants you flight.
   Fragile:   It will be destroyed if unequipped.
 D - the +6 Majin-Bo {spellvamp, MP+6 Int+6}
   (You found it in the Dungeon)

   Int:       It affects your intelligence (+6).
   MP:        It affects your magic capacity (+6).
 E - the +27 heavy crossbow "Sniper" {heavy, Acc+∞ SInv}
   (You found it in the Dungeon)

   Acc+∞: It never misses its target.
   SInv:      It lets you see invisible.
 H - the +11 Singing Sword {sonic wave}
   (You found it in the Dungeon)
 I - the +7 great mace "Firestarter" {flame, immolate, rFlCloud rF++}
   (You found it in the Dungeon)

   rFlCloud:  It grants immunity to clouds of flame.
   rF:        It greatly protects you from fire.
 J - the +9 lance "Wyrmbane" (weapon) {slay drac, rPois rF+ rC+ AC+3}
   (You found it in the Dungeon)

   AC:        It affects your AC (+3).
   rF:        It protects you from fire.
   rC:        It protects you from cold.
   rPois:     It protects you from poison.
 K - the +9 sword of Power {lifebolt}
   (You found it in the Dungeon)
 L - the +9 sword of Zonguldrok {reap}
   (You found it in the Dungeon)
 M - the +16 obsidian axe {drain, demonic, Mesm Drain Fly SInv}
   (You found it in the Dungeon)

   Mesm:      Its wielder is mesmerised by any visible foes, and it cannot be
   unequipped while any foes are visible.
   SInv:      It lets you see invisible.
   Fly:       It grants you flight.
   Drain:     It drains your maximum health when unequipped.
 N - the +6 shillelagh "Devastator" {shatter}
   (You found it in the Dungeon)
 Z - the +5 glaive of the Guard {elec, spectral, AC+5}
   (You found it in the Dungeon)

   AC:        It affects your AC (+5).
Missiles
 z - a throwing net
Armour
 t - a +2 pair of gloves of dexterity (worn)
 F - the +15 Maxwell's patent armour {-Cast -Tele rElec Will+ rCorr}
   (You found it in the Dungeon)

   rElec:     It insulates you from electricity.
   -Cast:     It prevents spellcasting.
   -Tele:     It prevents most forms of teleportation.
   rCorr:     It protects you from acid and corrosion.
   Will:      It increases your willpower.
 G - the +18 shield of the Gong (worn) {Loud rN+ Will+ rCorr EV-5}
   (You found it in the Dungeon)

   Loud:      It is deafeningly noisy when blocking attacks.
   EV:        It affects your evasion (-5).
   rN:        It protects you from negative energy.
   rCorr:     It protects you from acid and corrosion.
   Will:      It increases your willpower.
 O - +12 gold dragon scales (worn)
 Y - a +2 cloak of stealth (worn)
Jewellery
 a - the ring "Gebocaink" {Fly MP+9 Dex+3}
   (You found it in the Dungeon)

   [ring of flight]

   Dex:       It affects your dexterity (+3).
   MP:        It affects your magic capacity (+9).
   Fly:       It grants you flight.
 b - the amulet of Caarafro (around neck) {Reflect Fragile Regen+ Str+6 SH+5}
   (You found it in the Dungeon)

   [amulet of reflection]

   It reflects blocked missile attacks.
   Str:       It affects your strength (+6).
   Regen:     It increases your rate of health regeneration.
   Fragile:   It will be destroyed if unequipped.
   SH:        It affects your SH (+5).
 u - a +6 ring of dexterity
 v - the ring of Music {rElec Will+ rCorr Str+2}
   (You found it in the Dungeon)

   [ring of willpower]

   Str:       It affects your strength (+2).
   rElec:     It insulates you from electricity.
   rCorr:     It protects you from acid and corrosion.
   Will:      It increases your willpower.
 x - the ring "Zaasun" (left hand) {Fly Str+7 Int+4 Dex-3}
   (You found it in the Dungeon)

   [ring of flight]

   Str:       It affects your strength (+7).
   Int:       It affects your intelligence (+4).
   Dex:       It affects your dexterity (-3).
   Fly:       It grants you flight.
 y - the ring "Wimoc" (right hand) {rF++ Will+ rCorr Str+6 Int-2}
   (You took it off a frost giant in the Dungeon)

   [ring of strength]

   Str:       It affects your strength (+6).
   Int:       It affects your intelligence (-2).
   rF:        It greatly protects you from fire.
   rCorr:     It protects you from acid and corrosion.
   Will:      It increases your willpower.
 C - the ring of Greater Demons {rPois MP+9 Str+2}
   (You found it in the Dungeon)

   [ring of magical power]

   Str:       It affects your strength (+2).
   rPois:     It protects you from poison.
   MP:        It affects your magic capacity (+9).
 Q - an amulet of faith
 S - the ring of Xewu Ful {rCorr Dex+3 Slay+4}
   (You found it in the Dungeon)

   [ring of slaying]

   Dex:       It affects your dexterity (+3).
   Slay:      It affects your accuracy & damage with ranged weapons and melee
   (+4).
   rCorr:     It protects you from acid and corrosion.
 U - the ring "Cihuummu" {rF+ rC+ MP+9}
   (You found it in the Dungeon)

   [ring of protection from cold]

   rF:        It protects you from fire.
   rC:        It protects you from cold.
   MP:        It affects your magic capacity (+9).
 V - the amulet of the King {rPois Regen+}
   (You found it in the Dungeon)

   [amulet of regeneration]

   rPois:     It protects you from poison.
   Regen:     It increases your rate of health regeneration.
Talismans
 c - a talisman of death
 s - a granite talisman
 B - a maw talisman
Wands
 l - a wand of flame (110)
 q - a wand of mindburst (45)
 r - a wand of light (57)
 w - a wand of digging (22)
 P - a wand of roots (57)
 R - a wand of polymorph (19)
 T - a wand of charming (58)
Scrolls
 h - 4 scrolls of blinking
 m - 4 scrolls of amnesia
 n - 7 scrolls of fog
 o - 5 scrolls of identify
 p - 2 scrolls of fear
 W - 12 scrolls of enchant weapon
 X - 13 scrolls of brand weapon
Potions
 d - 5 potions of might
 e - 10 potions of curing
 f - a potion of heal wounds
 g - 6 potions of magic
 i - 2 potions of brilliance
 j - 2 potions of invisibility
 k - 3 potions of resistance


   Skills:
 O Level 27 Fighting
 - Level 24.3 Long Blades
 - Level 14.1 Polearms
 O Level 27 Armour
 O Level 27 Dodging
 O Level 27 Shields
 + Level 9.6 Spellcasting
 * Level 16.2 Summonings
 O Level 27 Invocations
 O Level 27 Shapeshifting


You had 20 spell levels left.
You knew the following spells:

 Your Spells              Type           Power      Damage    Failure   Level
a - Summon Cactus Giant   Summ           29%        N/A       6%          6
b - Summon Forest         Summ/Tloc      17%        N/A       28%         5
c - Monstrous Menagerie   Summ           29%        N/A       32%         7

Your spell library contained the following spells:

 Spells                   Type           Power      Damage    Failure   Level
 Summon Small Mammal      Summ           100%       N/A       1%          1
 Call Canine Familiar     Summ           59%        N/A       1%          3
 Summon Guardian Golem    Hex/Summ       35%        N/A       3%          3
 Animate Armour           Summ/Erth      70%        N/A       11%         4
 Summon Ice Beast         Ice/Summ       35%        N/A       11%         4
 Summon Lightning Spire   Summ/Air       35%        N/A       11%         4
 Summon Mana Viper        Hex/Summ       35%        N/A       28%         5
 Apportation              Tloc           16%        N/A       30%         1
 Foxfire                  Conj/Fire      32%        2x1d5     30%         1
 Freeze                   Ice            32%        1d5       30%         1
 Kiss of Death            Conj/Necr      32%        2d7       30%         1
 Shock                    Conj/Air       32%        1d5       30%         1
 Slow                     Hex            32%        N/A       30%         1
 Sting                    Tmut/Pois      32%        1d4       30%         1
 Summon Hydra             Summ           29%        N/A       32%         7
 Cigotuvi's Dreadful Rot  Necr/Pois/Air  16%        N/A       41%         2
 Ensorcelled Hibernation  Hex/Ice        16%        N/A       41%         2
 Lesser Beckoning         Tloc           16%        N/A       41%         2
 Momentum Strike          Conj/Tloc      16%        3d8       41%         2
 Passwall                 Tmut/Erth      6%         N/A       41%         2
 Poisonous Vapours        Pois/Air       16%        N/A       41%         2
 Scorch                   Fire           16%        2d5       41%         2
 Static Discharge         Conj/Air       16%        2-3/arc   41%         2
 Sublimation of Blood     Necr           8%         N/A       41%         2
 Wereblood                Tmut           8%         N/A       41%         2
 Confusing Touch          Hex            8%         N/A       65%         3
 Frozen Ramparts          Ice            16%        1d3       65%         3
 Gell's Gravitas          Tloc           8%         N/A       65%         3
 Ignite Poison            Fire/Tmut/Pois 8%         N/A       65%         3
 Inner Flame              Hex/Fire       8%         N/A       65%         3
 Mephitic Cloud           Conj/Pois/Air  8%         N/A       65%         3
 Ozocubu's Armour         Ice            8%         N/A       65%         3
 Portal Projectile        Hex/Tloc       16%        N/A       65%         3
 Stone Arrow              Conj/Erth      16%        3d8       65%         3
 Teleport Other           Tloc           8%         N/A       65%         3
 Tukima's Dance           Hex            8%         N/A       65%         3
 Vampiric Draining        Necr           8%         2d6       65%         3
 Volatile Blastmotes      Fire/Tloc      16%        2d11      65%         3
 Airstrike                Air            4%         2d(1-17)  96%         4
 Anguish                  Hex/Necr       4%         N/A       96%         4
 Animate Dead             Necr           8%         N/A       96%         4
 Cause Fear               Hex            4%         N/A       96%         4
 Dispel Undead            Necr           8%         3d8       96%         4
 Flame Wave               Conj/Fire      8%         2d5       96%         4
 Iskenderun's Mystic Bla  Conj/Tloc      8%         2d4       96%         4
 Leda's Liquefaction      Hex/Erth       4%         N/A       96%         4
 Manifold Assault         Tloc           8%         N/A       96%         4
 Passage of Golubria      Tloc           8%         N/A       96%         4
 Petrify                  Tmut/Erth      8%         N/A       96%         4
 Sticky Flame             Conj/Fire      8%         2d3       96%         4
 Alistair's Intoxication  Tmut/Pois      5%         N/A       100%        5
 Arcjolt                  Conj/Air       4%         1d14      100%        5
 Borgnjor's Vile Clutch   Necr/Erth      4%         N/A       100%        5
 Freezing Cloud           Conj/Ice/Air   4%         6-21      100%        5
 Irradiate                Conj/Tmut      4%         3d13      100%        5
 Metabolic Englaciation   Hex/Ice        4%         N/A       100%        5
 Silence                  Hex/Air        4%         N/A       100%        5
 Yara's Violent Unravell  Hex/Tmut       4%         3d4       100%        5
 Conjure Ball Lightning   Conj/Air       4%         3x3d6     100%        6
 Death Channel            Necr           4%         N/A       100%        6
 Dispersal                Tloc           4%         N/A       100%        6
 Eringya's Noxious Bog    Tmut/Pois      4%         4d6       100%        6
 Leda's Unmaking          Conj/Erth      4%         9d2       100%        6
 Plasma Beam              Fire/Air       4%         2x1d14    100%        6
 Simulacrum               Ice/Necr       4%         N/A       100%        6
 Starburst                Conj/Fire      4%         6d3       100%        6
 Enfeeble                 Hex            4%         N/A       100%        7
 Orb of Destruction       Conj           4%         9d5       100%        7
 Ozocubu's Refrigeration  Ice            4%         4d8       100%        7
 Disjunction              Tloc           4%         N/A       100%        8
 Ignition                 Fire           4%         3d4       100%        8
 Lehudib's Crystal Spear  Conj/Erth      4%         10d3      100%        8
 Blink                    Tloc           Unusable   N/A       N/A         2
 Swiftness                Air            Unusable   N/A       N/A         3
 Vhi's Electric Charge    Tloc/Air       Unusable   N/A       N/A         3

Dungeon Overview and Level Annotations

Branches:
Dungeon (1/1)

Altars:
Ashenzari
Cheibriados
Dithmenos
Elyvilon
Fedhas
Gozag
Hepliaklqana
Kikubaaqudgha
Makhleb
Nemelex Xobeh
Okawaru
Qazlal
Ru
Sif Muna
Trog
Uskayaw
Vehumet
Wu Jian
Xom
Yredelemnul
Zin
The Shining One
Jiyva
Lugonu


Innate Abilities, Weirdness & Mutations

You cannot be hasted, slowed, berserked, paralysed or teleported.
You can dig through walls and to a lower floor.
You have a pair of large antennae on your head. (SInv)
Your four strong arms can wield two-handed weapons with a shield.


Message History

The nameless horror is severely damaged.
You hit the nameless horror.
The nameless horror is severely damaged.
The nameless horror is engulfed in blazing flames.
You block the nameless horror's attack.
GONNNNG!
You hit the nameless horror.
The nameless horror is almost destroyed.
You impale the nameless horror!!
You destroy the nameless horror!
That felt strangely unrewarding.
No target in view!
No target in view!
No target in view!
No target in view!
No target in view!
No target in view!
No target in view!
No target in view!
No target in view!
No target in view!
No target in view!
No target in view!
No target in view!
No target in view!
No target in view!
You see here a +0 cloak.
You see here a +2 scimitar of holy wrath.
Your magical contamination has completely faded away.
There is a transporter here.
An exit appears before you!
You enter the transporter and appear at another place.
Found the Orb of Zot.
Found a staircase leading out of the dungeon.
You see here the Orb of Zot.
You pick up the Orb of Zot!
The Orb lets out a hideous shriek!
The lords of Pandemonium are not amused.
Beware!
Now all you have to do is get back out of the dungeon!
There is a staircase leading out of the dungeon here.
You have escaped!

....[.......▓..▓.......▓..▓..!8©8
...)........▓.▓.▓.....▓.▓.▓......
............▓..▓.......▓..▓......
............▓.............▓......
............▓......©......▓......
............▓▓▓▓▓▓▓▓▓▓▓▓▓▓▓......
............▓8888888888888▓......
▓.......▓...▓8.☼§°°......8▓..▓...
............▓8..@.....©..8▓......
............▓8.°.........8▓....©.
....©.......▓8888888888888▓▓▓▓▓▓▓
▓▓▓▓▓▓▓▓▓▓▓▓▓▓▓▓▓▓▓▓▓▓▓▓▓▓▓▓▓▓▓▓▓
.....8©8~.~.~...▓........8©8"....
~~))[:~~))~)):~.▓.[..).|.))(.(..)
)~≈))))~)≈~~≈)|.▓.[:)|..).)..(..)
)()))~))[[)[~)).▓....(..........|
.~...[.)÷.......▓.|.(.......[.).(


There were no monsters in sight!

Vanquished Creatures
  3 royal mummies (D)
  A shard shrike (D)
  A bone dragon (D)
  3 doom hounds (D)
  4 liches (D)
  19 pandemonium lords (D)
  2 Ice Fiends (D)
  4 deep elf master archers (D)
  4 deep elf blademasters (D)
  6 titans (D)
  An Executioner (D)
  5 acid blobs (D)
  3 tentacled starspawn (D)
  4 krakens (D)
  7 rockslimes (D)
  5 shadow dragons (D)
  A draconian monk (D)
  6 azure jellies (D)
  7 frost giants (D)
  9 fire giants (D)
  2 deep elf sorcerers (D)
  An ironbound preserver (D)
  3 ghouls (D)
  A broodmother (D)
  A very ugly thing (D)
  2 vampire knights (D)
  9 stone giants (D)
  2 starcursed masses (D)
  6 deep elf annihilators (D)
  A spark wasp (D)
  A wendigo (D)
  A deep elf death mage (D)
  2 blizzard demons (D)
  2 mummy priests (D)
  8 merfolk javelineers (D)
  9 ettins (D)
  7 deep elf high priests (D)
  2 entropy weavers (D)
  A green death (D)
  3 great orbs of eyes (D)
  A yaktaur captain (D)
  9 merfolk impalers (D)
  A rakshasa (D)
  12 vault guards (D)
  2 ironbound frosthearts (D)
  7 merfolk aquamancers (D)
  A death scarab (D)
  4 dancing weapons (D)
  7 thrashing horrors (D)
  2 sun demons (D)
  7 soul eaters (D)
  6 deep elf knights (D)
  3 pharaoh ants (D)
  A skeletal warrior (D)
  A shadow wraith (D)
  A sea snake (D)
  5 sixfirhies (D)
  2 orb spiders (D)
  A flayed ghost (D)
  2 glowing orange brains (D)
  4 deep elf archers (D)
  A nameless horror (D)
  4 necromancers (D)
  A steelbarb worm (D)
  3 wolf spiders (D)
  An ironbound convoker (D)
  5 deep elf zephyrmancers (D)
  6 shining eyes (D)
  4 deep elf pyromancers (D)
  A manticore (D)
  17 cyclopes (D)
  3 draconians (D)
  A worldbinder (D)
  A moth of wrath (D)
  A guardian serpent (D)
  2 smoke demons (D)
  4 water nymphs (D)
  2 cane toads (D)
  An orange demon (D)
  3 eyes of devastation (D)
  A vault sentinel (D)
  A rime drake (D)
  An unseen horror (D)
  A hellion (D)
  A freezing wraith (D)
  2 ancient zymes (D)
  3 yaktaurs (D)
  4 guardian mummies (D)
  A tormentor (D)
  7 merfolk (D)
  3 wind drakes (D)
  A wind drake (shapeshifter) (D)
  2 hellwings (D)
  A polar bear (shapeshifter) (D)
  7 large abominations (D)
  12 small abominations (D)
  7 hornets (D)
  7 raiju (D)
  2 tarantellas (D)
  2 snapping turtles (D)
  A jumping spider (D)
  An air elemental (D)
  2 flying skulls (D)
  3 shadows (D)
  23 slime creatures (D)
  A spriggan (D)
  7 water elementals (D)
  2 wraiths (D)
  7 ynoxinuls (D)
  2 yaks (D)
  An ushabti (D)
  2 vampires (D)
  2 fire bats (D)
  7 golden eyes (D)
  A chaos spawn (D)
  2 neqoxecs (D)
  A fire elemental (D)
  3 water moccasins (D)
  2 floating eyes (D)
  A black bear (D)
  2 wolves (D)
  A bullfrog (D)
  2 necrophages (D)
  2 earth elementals (D)
  6 wights (D)
  A quasit (D)
  13 jellies (D)
  2 iguanas (D)
  2 mummies (D)
  An adder (D)
  A river rat (D)
  A white imp (D)
  2 ufetubi (D)
  4 adder skeletons (D)
  11 adder zombies (D)
  2 adder simulacra (D)
  A bat skeleton (D)
  3 bat zombies (D)
  3 endoplasms (D)
  A jackal (D)
  A ball python simulacrum (D)
  A ball python skeleton (D)
  2 ball python zombies (D)
  4 bat simulacra (D)
  A giant cockroach simulacrum (D)
  2 giant cockroach zombies (D)
  3 jackal skeletons (D)
  A jackal zombie (D)
  A quokka simulacrum (D)
  A quokka zombie (D)
  3 ball lightnings (D)
  A starspawn tentacle (D)
  5 tentacles (D)
523 creatures vanquished.

Vanquished Creatures (collateral kills)
  2 pandemonium lords (D)
  2 royal mummies (D)
  A tainted leviathan (D)
  A death cob (D)
  A mummy priest (D)
  2 soul eaters (D)
  A guardian mummy (D)
10 creatures vanquished.

Vanquished Creatures (others)
  A fire bat (D)
  A bat simulacrum (D)
  A giant cockroach simulacrum (D)
  A starspawn tentacle (D)
  21 tentacles (D)
25 creatures vanquished.

Grand Total: 558 creatures vanquished

Notes
Turn   | Place    | Note
-------+----------+-------------------------------------------
     0 | D        | garrulousMonolith the Formicid Fighter began the quest for
                  | the Orb.
     0 | D        | Reached XP level 1. HP: 18/18 MP: 1/1
     0 | D        | Found a shimmering blue altar of Sif Muna.
     0 | D        | Found a sacrificial altar of Ru.
     0 | D        | Found a bloodstained altar of Trog.
     0 | D        | Found a stormy altar of Qazlal.
     0 | D        | Found an iron altar of Okawaru.
     0 | D        | Found a sparkling altar of Nemelex Xobeh.
     0 | D        | Found a blossoming altar of Fedhas.
     0 | D        | Found the +6 Majin-Bo {spellvamp, MP+6 Int+6}
     0 | D        | Found the +27 heavy crossbow "Sniper" {heavy, Acc+∞ SInv}
     0 | D        | Found the +10 dark maul {heavy}
     0 | D        | Found the +15 Maxwell's patent armour {-Cast -Tele rElec
                  | Will+ rCorr}
     0 | D        | Found the +18 shield of the Gong {Loud rN+ Will+ rCorr
                  | EV-5}
     0 | D        | Found the +16 obsidian axe {drain, demonic, Mesm Drain Fly
                  | SInv}
     0 | D        | Found the +7 great mace "Firestarter" {flame, immolate,
                  | rFlCloud rF++}
     0 | D        | Found the +6 shillelagh "Devastator" {shatter}
     0 | D        | Found the +11 plutonium sword {Contam Stlth-}
     0 | D        | Found the +8 lance "Wyrmbane" {slay drac, rPois rF+ rC+
                  | AC+3}
     0 | D        | Found the +9 sword of Zonguldrok {reap}
     0 | D        | Found the +13 scythe of Curses {drain, curses, Drain}
     0 | D        | Found the +9 sword of Power {lifebolt}
     0 | D        | Found the +7 mace of Variability {chaos, chaos arc}
     0 | D        | Found the +11 Singing Sword {sonic wave}
     0 | D        | Found the +8 storm bow {elec, penet}
     2 | D        | Found a transporter.
     2 | D        | Found an ancient bone altar of Kikubaaqudgha.
     2 | D        | Found a viscous altar of Jiyva.
     2 | D        | Found a corrupted altar of Lugonu.
     2 | D        | Found a hazy altar of Hepliaklqana.
     2 | D        | Found a burning altar of Makhleb.
     2 | D        | Found an opulent altar of Gozag.
    70 | D        | Became a worshipper of Qazlal Stormbringer
    80 | D        | Entered arena 2.
    80 | D        | Noticed a merfolk
    80 | D        | Noticed a merfolk
    80 | D        | Found a transporter.
    89 | D        | Reached XP level 2. HP: 17/24 MP: 1/7
   102 | D        | Killed a merfolk
   103 | D        | Reached XP level 3. HP: 26/29 MP: 2/11
   103 | D        | Reached XP level 4. HP: 31/35 MP: 2/13
   103 | D        | Reached XP level 5. HP: 37/41 MP: 2/14
   103 | D        | Reached XP level 6. HP: 42/47 MP: 2/16
   108 | D        | Killed a merfolk
   109 | D        | Reached XP level 7. HP: 38/52 MP: 3/18
   305 | D        | Entered arena 3.
   305 | D        | Noticed a water moccasin
   305 | D        | Noticed a water moccasin
   305 | D        | Found a transporter.
   312 | D        | Reached * piety under Qazlal
   312 | D        | Killed a water moccasin
   317 | D        | Killed a water moccasin
   507 | D        | Entered arena 4.
   507 | D        | Noticed a spriggan
   507 | D        | Found a transporter.
   510 | D        | Killed a spriggan
   510 | D        | Reached ** piety under Qazlal
   511 | D        | Reached XP level 8. HP: 50/58 MP: 19/21
   536 | D        | Entered arena 5.
   536 | D        | Noticed a draconian
   536 | D        | Noticed a draconian
   536 | D        | Noticed a draconian
   536 | D        | Noticed a death cob
   536 | D        | Found a transporter.
   546 | D        | Killed a draconian
   546 | D        | Reached *** piety under Qazlal
   547 | D        | Reached XP level 9. HP: 28/64 MP: 20/23
   558 | D        | Killed a death cob
   570 | D        | Killed a draconian
   571 | D        | Reached XP level 10. HP: 36/70 MP: 20/26
   576 | D        | Killed a draconian
   690 | D        | Entered arena 6.
   690 | D        | Found a transporter.
   691 | D        | Reached **** piety under Qazlal
   696 | D        | Got Tety's Collected Works on the Geometric Barrage
   701 | D        | Got the ring "Wos Led" {Wiz MP+9 Str+3 Slay-6}
   704 | D        | Entered arena 7.
   704 | D        | Noticed a cane toad
   704 | D        | Noticed a rime drake
   704 | D        | Noticed a cane toad
   705 | D        | Found a transporter.
   710 | D        | Killed a cane toad
   712 | D        | Reached ***** piety under Qazlal
   718 | D        | Killed a cane toad
   726 | D        | Killed a rime drake
   895 | D        | Entered arena 8.
   895 | D        | Noticed a deep elf pyromancer
   895 | D        | Noticed a deep elf knight
   895 | D        | Noticed a deep elf knight
   895 | D        | Noticed a +2 glaive of freezing
   895 | D        | Noticed a deep elf knight
   896 | D        | Found a transporter.
   897 | D        | Killed a deep elf knight
   897 | D        | Killed a deep elf knight
   897 | D        | Killed a deep elf pyromancer
   897 | D        | Killed a +2 glaive of freezing
   897 | D        | Killed a deep elf knight
   897 | D        | Reached ****** piety under Qazlal
   898 | D        | Reached skill level 27 in Invocations
   898 | D        | Reached skill level 5 in Fighting
   898 | D        | Reached skill level 5 in Armour
   898 | D        | Reached XP level 11. HP: 81/81 MP: 19/28
  1014 | D        | Entered arena 9.
  1014 | D        | Noticed a shining eye
  1014 | D        | Noticed a shining eye
  1015 | D        | Found a transporter.
  1016 | D        | Killed a shining eye
  1016 | D        | Killed a shining eye
  1034 | D        | Got the amulet of the King {rPois Regen+}
  1057 | D        | Entered arena 10.
  1057 | D        | Noticed a deep elf archer
  1057 | D        | Noticed a deep elf pyromancer
  1057 | D        | Noticed a deep elf zephyrmancer
  1057 | D        | Noticed a deep elf archer
  1057 | D        | Noticed a deep elf knight
  1057 | D        | Noticed a deep elf death mage
  1057 | D        | Noticed a +2 morningstar of draining
  1057 | D        | Noticed a deep elf zephyrmancer
  1058 | D        | Found a transporter.
  1059 | D        | Killed a deep elf zephyrmancer
  1059 | D        | Killed a deep elf pyromancer
  1059 | D        | Killed a deep elf zephyrmancer
  1059 | D        | Killed a deep elf archer
  1059 | D        | Killed a deep elf archer
  1059 | D        | Killed a deep elf knight
  1059 | D        | Killed a +2 morningstar of draining
  1059 | D        | Killed a deep elf death mage
  1060 | D        | Reached skill level 10 in Polearms
  1060 | D        | Reached skill level 10 in Shields
  1060 | D        | Reached XP level 12. HP: 88/94 MP: 20/29
  1069 | D        | Got the amulet of Caarafro {Reflect Fragile Regen+ Str+6
                  | SH+5}
  1071 | D        | Got Cunuir's Essays on the Tundra and Impurities
  1104 | D        | Entered arena 11.
  1104 | D        | Noticed an ironbound preserver
  1104 | D        | Noticed a yaktaur captain
  1104 | D        | Noticed an ironbound frostheart
  1104 | D        | Noticed a great orb of eyes
  1104 | D        | Noticed an entropy weaver
  1104 | D        | Noticed an ironbound frostheart
  1105 | D        | Found a transporter.
  1106 | D        | Killed a great orb of eyes
  1106 | D        | Killed an ironbound frostheart
  1106 | D        | Killed an entropy weaver
  1106 | D        | Killed a yaktaur captain
  1106 | D        | Killed an ironbound frostheart
  1106 | D        | Killed an ironbound preserver
  1107 | D        | Reached skill level 10 in Fighting
  1107 | D        | Reached skill level 10 in Armour
  1135 | D        | Entered arena 12.
  1136 | D        | Noticed a skeletal warrior
  1136 | D        | Identified the ring of Royalty {Ice rElec Dex+4}
  1136 | D        | Found the +8 demon blade "Leech" {evervamp, Harm Drain rN+}
  1137 | D        | Killed a skeletal warrior
  1138 | D        | Reached XP level 13. HP: 104/104 MP: 19/30
  1185 | D        | Found a transporter.
  1192 | D        | Got the ring of Xewu Ful {rCorr Dex+3 Slay+4}
  1206 | D        | Entered arena 13.
  1209 | D        | Found a transporter.
  1272 | D        | Entered arena 14.
  1273 | D        | Noticed an entropy weaver
  1273 | D        | Noticed a broodmother
  1273 | D        | Found the +7 sceptre of Torment {pain, torment}
  1273 | D        | Noticed a spark wasp
  1275 | D        | Killed a spark wasp
  1275 | D        | Killed an entropy weaver
  1275 | D        | Killed a broodmother
  1316 | D        | Found a transporter.
  1339 | D        | Entered arena 15.
  1339 | D        | Noticed an azure jelly
  1340 | D        | Noticed a rockslime
  1341 | D        | Killed an azure jelly
  1341 | D        | Killed a rockslime
  1342 | D        | Reached skill level 10 in Dodging
  1379 | D        | Found a transporter.
  1409 | D        | Entered arena 16.
  1409 | D        | Noticed an azure jelly
  1410 | D        | Found the +5 glaive of the Guard {elec, spectral, AC+5}
  1410 | D        | Noticed a rockslime
  1412 | D        | Killed a rockslime
  1412 | D        | Killed an azure jelly
  1413 | D        | Reached skill level 15 in Shields
  1413 | D        | Reached XP level 14. HP: 118/118 MP: 22/31
  1453 | D        | Found a transporter.
  1474 | D        | Entered arena 17.
  1476 | D        | Noticed a wendigo
  1476 | D        | Noticed a shard shrike
  1477 | D        | Killed a wendigo
  1477 | D        | Killed a shard shrike
  1477 | D        | Noticed an Ice Fiend
  1478 | D        | Reached skill level 10 in Long Blades
  1480 | D        | Found a transporter.
  1480 | D        | Noticed an Ice Fiend
  1481 | D        | Killed an Ice Fiend
  1492 | D        | Killed an Ice Fiend
  1515 | D        | Got Keulonge's Papyrus of Fuming Venin
  1527 | D        | Entered arena 18.
  1530 | D        | Noticed a vampire knight
  1530 | D        | Noticed a vampire knight
  1530 | D        | Identified the +0 plate armour of Inoshrui {+Inv MP+9
                  | Stlth+}
  1531 | D        | Killed a vampire knight
  1533 | D        | Found a transporter.
  1543 | D        | Killed a vampire knight
  1561 | D        | Got the ring "Gebocaink" {Fly MP+9 Dex+3}
  1570 | D        | Got the Thoughts on Toxic Blasphemous Liturgies
  1581 | D        | Entered arena 19.
  1583 | D        | Noticed a lich
  1583 | D        | Noticed a lich
  1584 | D        | Noticed a shadow dragon
  1584 | D        | Noticed a lich
  1584 | D        | Noticed a shadow dragon
  1584 | D        | Noticed a lich
  1585 | D        | Killed a lich
  1585 | D        | Killed a lich
  1585 | D        | Killed a lich
  1585 | D        | Killed a lich
  1585 | D        | Killed a shadow dragon
  1585 | D        | Killed a shadow dragon
  1586 | D        | Reached XP level 15. HP: 122/131 MP: 23/32
  1586 | D        | Identified the +3 steam dragon scales "Zeufezut" {Slay+3}
  1587 | D        | Found a transporter.
  1587 | D        | Identified the +6 long sword "Yterruojo" {elec, +Blink rC++
                  | Dex-4 SInv}
  1588 | D        | Reached skill level 15 in Long Blades
  1669 | D        | Entered arena 20.
  1673 | D        | Noticed a royal mummy
  1673 | D        | Noticed a royal mummy
  1674 | D        | Killed a royal mummy
  1675 | D        | Noticed a royal mummy
  1675 | D        | Noticed a royal mummy
  1676 | D        | Killed a royal mummy
  1676 | D        | Killed a royal mummy
  1677 | D        | Noticed an emperor scorpion
  1677 | D        | Noticed an emperor scorpion
  1681 | D        | Killed a royal mummy
  1683 | D        | Found a transporter.
  1683 | D        | Killed a royal mummy
  1787 | D        | Got the ring "Zaasun" {Fly Str+7 Int+4 Dex-3}
  1798 | D        | Got the Quarto of the Atmosphere
  1807 | D        | Entered arena 21.
  1809 | D        | Noticed Barroruf the pandemonium lord
  1809 | D        | Noticed Ezytikk the pandemonium lord
  1810 | D        | Noticed Xoemixt the pandemonium lord
  1810 | D        | Noticed Cefaul the pandemonium lord
  1811 | D        | Noticed Kaepp the pandemonium lord
  1811 | D        | Noticed Tyliav the pandemonium lord
  1811 | D        | Noticed Xaxzil the pandemonium lord
  1811 | D        | Noticed Emual the pandemonium lord
  1811 | D        | Noticed Elos the pandemonium lord
  1811 | D        | Noticed Foetsotz the pandemonium lord
  1811 | D        | Noticed Nuff the pandemonium lord
  1812 | D        | Noticed Ipsastreewu the pandemonium lord
  1812 | D        | Killed Foetsotz the pandemonium lord
  1812 | D        | Noticed Tiucaton the pandemonium lord
  1812 | D        | Noticed Vuemud the pandemonium lord
  1813 | D        | Reached XP level 16. HP: 111/143 MP: 24/33
  1813 | D        | Killed Tyliav the pandemonium lord
  1813 | D        | Killed Xoemixt the pandemonium lord
  1813 | D        | Killed Cefaul the pandemonium lord
  1813 | D        | Killed Tiucaton the pandemonium lord
  1813 | D        | Killed Emual the pandemonium lord
  1813 | D        | Killed Elos the pandemonium lord
  1813 | D        | Killed Xaxzil the pandemonium lord
  1813 | D        | Killed Nuff the pandemonium lord
  1814 | D        | Reached skill level 15 in Dodging
  1814 | D        | Noticed Keitz the pandemonium lord
  1814 | D        | Noticed Ynnustocs the pandemonium lord
  1814 | D        | Noticed Zicleoq the pandemonium lord
  1814 | D        | Noticed Megriv the pandemonium lord
  1814 | D        | Noticed Dahapt the pandemonium lord
  1815 | D        | Killed Ipsastreewu the pandemonium lord
  1815 | D        | Killed Megriv the pandemonium lord
  1815 | D        | Killed Kaepp the pandemonium lord
  1815 | D        | Killed Dahapt the pandemonium lord
  1815 | D        | Killed Keitz the pandemonium lord
  1815 | D        | Killed Ynnustocs the pandemonium lord
  1816 | D        | Reached XP level 17. HP: 42/156 MP: 9/34
  1816 | D        | Killed Zicleoq the pandemonium lord
  1816 | D        | Killed Vuemud the pandemonium lord
  1825 | D        | Killed Barroruf the pandemonium lord
  1831 | D        | Killed Ezytikk the pandemonium lord
  1930 | D        | Found a transporter.
  2075 | D        | Entered arena 22.
  2077 | D        | Noticed an Executioner
  2082 | D        | Killed an Executioner
  2184 | D        | Found a transporter.
  2192 | D        | Got the amulet "Lanwo" {RegenMP rN+}
  2196 | D        | Got the amulet of Rufuped {Spirit rN+}
  2222 | D        | Got the Excursus on Cleavage and Charms
  2239 | D        | Entered arena 23.
  2244 | D        | Noticed a doom hound
  2244 | D        | Noticed a tainted leviathan
  2245 | D        | Noticed a shadow dragon
  2245 | D        | Noticed a doom hound
  2245 | D        | Noticed a bone dragon
  2245 | D        | Noticed a shadow dragon
  2246 | D        | Noticed a doom hound
  2246 | D        | Noticed a shadow dragon
  2247 | D        | Killed a doom hound
  2247 | D        | Killed a doom hound
  2247 | D        | Killed a shadow dragon
  2247 | D        | Killed a doom hound
  2247 | D        | Killed a shadow dragon
  2247 | D        | Killed a shadow dragon
  2247 | D        | Killed a bone dragon
  2248 | D        | Reached XP level 18. HP: 170/170 MP: 26/35
  2250 | D        | Found a transporter.
  2251 | D        | Killed a tainted leviathan
  2313 | D        | Got the ring of Immorality {rN+ AC+4}
  2322 | D        | Got the amulet of Uthrag {RegenMP +Blink rC- Str+5}
  2357 | D        | Entered arena 24.
  2361 | D        | Noticed a deep elf blademaster
  2362 | D        | Noticed a deep elf blademaster
  2362 | D        | Noticed a deep elf master archer
  2362 | D        | Noticed a deep elf master archer
  2362 | D        | Noticed a deep elf master archer
  2362 | D        | Noticed a deep elf blademaster
  2363 | D        | Identified the +1 battleaxe of the Pit {spect, Stlth+}
  2364 | D        | Identified the +9 plate armour of the Evil One {Str+3}
  2364 | D        | Identified the +7 quarterstaff "Appod" {spect, Fragile
                  | rElec rPois}
  2364 | D        | Noticed a deep elf master archer
  2365 | D        | Noticed a deep elf blademaster
  2365 | D        | Killed a deep elf master archer
  2365 | D        | Killed a deep elf blademaster
  2365 | D        | Killed a deep elf blademaster
  2365 | D        | Killed a deep elf master archer
  2365 | D        | Killed a deep elf master archer
  2365 | D        | Killed a deep elf master archer
  2365 | D        | Killed a deep elf blademaster
  2366 | D        | Reached skill level 27 in Shields
  2371 | D        | Killed a deep elf blademaster
  2437 | D        | Found a transporter.
  2449 | D        | Got Jaufam's Textbook on the Faeries
  2686 | D        | Entered arena 25.
  2691 | D        | Noticed an acid blob
  2691 | D        | Noticed an acid blob
  2693 | D        | Noticed an acid blob
  2693 | D        | Noticed an acid blob
  2693 | D        | Noticed an acid blob
  2694 | D        | Killed an acid blob
  2694 | D        | Killed an acid blob
  2695 | D        | Killed an acid blob
  2695 | D        | Killed an acid blob
  2695 | D        | Killed an acid blob
  2696 | D        | Reached XP level 19. HP: 184/184 MP: 19/36
  2764 | D        | Found a transporter.
  2788 | D        | Got the ring "Cihuummu" {rF+ rC+ MP+9}
  2875 | D        | Got the ring of Music {rElec Will+ rCorr Str+2}
  3003 | D        | Entered arena 26.
  3016 | D        | Identified the amulet "Panefapn" {rC+ Regen+}
  3019 | D        | Found a transporter.
  3020 | D        | Reached skill level 27 in Armour
  3029 | D        | Reached skill level 27 in Fighting
  3156 | D        | Got the ring of Tulips {AC+4 SInv}
  3278 | D        | Entered arena 27.
  3286 | D        | Noticed a titan
  3286 | D        | Identified the +4 bardiche "Hulk" {flame, rC++}
  3287 | D        | Noticed a titan
  3287 | D        | Noticed a titan
  3287 | D        | Noticed a titan
  3287 | D        | Identified the ring "Wimoc" {rF++ Will+ rCorr Str+6 Int-2}
  3288 | D        | Killed a titan
  3288 | D        | Killed a titan
  3288 | D        | Killed a titan
  3288 | D        | Killed a titan
  3289 | D        | Reached XP level 20. HP: 197/197 MP: 28/37
  3292 | D        | Found a transporter.
  3399 | D        | Got the Anthology of the Mob and Imprecation
  3404 | D        | Got the Quarto of Septic Cinders
  3413 | D        | Got Sif Muna's Atlas of Pneumatic Hail
  3468 | D        | Entered arena 28.
  3477 | D        | Noticed Hagroil the pandemonium lord
  3477 | D        | Noticed Naaq the pandemonium lord
  3477 | D        | Found the +4 consecrated labrys {holy, Valiant Fragile Fly
                  | SInv}
  3478 | D        | Killed Naaq the pandemonium lord
  3479 | D        | Reached skill level 27 in Dodging
  3479 | D        | Reached skill level 27 in Shapeshifting
  3479 | D        | Reached skill level 5 in Spellcasting
  3479 | D        | Reached skill level 10 in Summonings
  3479 | D        | Killed Hagroil the pandemonium lord
  3486 | D        | Reached skill level 15 in Summonings
  3491 | D        | Found a transporter.
  3611 | D        | Got the ring of Greater Demons {rPois MP+9 Str+2}
  3682 | D        | Learned a level 6 spell: Summon Cactus Giant
  3688 | D        | Learned a level 5 spell: Summon Forest
  3696 | D        | Learned a level 7 spell: Monstrous Menagerie
  3969 | D        | Got the Orb of Zot
  3974 | D        | Escaped with the Orb!

Illustrated notes

Levels and vault maps discovered:
D:        sprint_v [room_start, room_1, room_2, room_3, room_4, room_5, room_6,
          room_7, room_8, room_9, room_10, room_11, room_12, room_13, room_14,
          room_15, room_16, room_17, room_18, room_19, room_20, room_21,
          room_22, room_23, room_24, room_25, room_26, room_27]

Skill      XL: |  1  2  3  4  5  6  7  8  9 10 11 12 13 14 15 16 17 18 19 20 |
---------------+-------------------------------------------------------------+-----
Invocations    | 8 14 16 19 21 24 27 | 27.0
Fighting       | 5 8 10 13 16 17 20 22 25 27 | 27.0
Polearms       | 6 10 13 14 | 14.1
Armour         | 5 8 10 13 16 17 20 22 25 27 | 27.0
Dodging        | 3 6 8 10 12 14 16 18 21 24 27 | 27.0
Shields        | 7 10 12 15 18 20 23 25 27 | 27.0
Long Blades    | 9 14 18 22 24 | 24.3
Shapeshifting  | 8 17 25 27 | 27.0
Spellcasting   | 9 |  9.6
Summonings     | 16 | 16.2

Action                     |  1- 3 |  4- 6 |  7- 9 | 10-12 | 13-15 | 16-18 | 19-21 || total
---------------------------+-------+-------+-------+-------+-------+-------+-------++-------
  Melee: Lance             |    11 |     6 |    24 |    27 |    47 |    21 |    48 ||   184
         Double sword      |       |       |    18 |       |       |       |       ||    18
   Cast: Monstrous Menager |       |       |       |       |       |       |     4 ||     4
         Summon Cactus Gia |       |       |       |       |       |       |     1 ||     1
 Invoke: Upheaval          |       |       |     1 |     1 |       |       |       ||     2
         Elemental Force   |       |       |     1 |       |     1 |     2 |       ||     4
         Disaster Area     |       |       |       |     5 |    10 |    12 |    10 ||    37
  Evoke: Wand              |       |       |       |       |       |       |     1 ||     1
    Use: Potion            |     6 |       |     5 |       |     3 |     3 |       ||    17
         Scroll            |       |       |       |       |       |       |     8 ||     8
   Stab: Distracted        |       |       |       |       |       |     1 |       ||     1
 Armour: Plate armour      |    11 |       |    47 |    15 |     3 |     2 |     5 ||    83
  Dodge: Dodged            |     3 |       |     8 |     1 |     1 |     2 |     8 ||    23
         Repelled          |       |       |       |       |       |     2 |       ||     2
  Block: Kite shield       |    23 |     4 |   116 |    50 |    39 |    42 |    46 ||   320
         Reflection        |       |       |       |       |     1 |     4 |     9 ||    14
         Form:             |       |       |       |       |       |     1 |     1 ||     2
         Statue            |       |       |       |       |       |     1 |       ||     1
         Maw               |       |       |       |       |       |     1 |       ||     1

Table legend: (Time is in decaauts)
 A = Elapsed time spent in this place.
 B = Non-inter-level travel time spent in this place.
 C = Inter-level travel time spent in this place.
 D = Time resting spent in this place.
 E = Time spent auto-exploring this place.
 F = Levels seen in this place.
 G = Mean time per level.
                   A        B        C        D        E       F      G
               +--------+--------+--------+--------+--------+-----+--------+
         Total |   4059 |   4050 |      9 |   2074 |    414 |   1 | 4059.0 |
       Dungeon |   4059 |   4050 |      9 |   2074 |    414 |   1 | 4059.0 |
               +--------+--------+--------+--------+--------+-----+--------+

Top non-repeatable levels by time:
       D: 4059 daAuts
